 Dungeon Crawl Stone Soup version 0.29.1-1-gd02db6906a (webtiles) character file.

Game seed: 11786570105843517296

822 keekatzer the Covered (level 8, 0/82 (96) HPs)
             Began as a Formicid Fighter on Sept 24, 2022.
             Was an Initiate of Okawaru.
             Slain by a wight
             ... wielding a +0 great sword
              (3 damage)
             ... on level 5 of the Dungeon.
             The game lasted 00:19:01 (3507 turns).

keekatzer the Covered (Formicid Fighter)            Turns: 3507, Time: 00:19:03

HP:   0/82 (96)     AC: 24    Str: 21    XL:     8   Next: 17%
MP:   8/8           EV:  2    Int:  8    God:    Okawaru [......]
Gold: 270           SH:  6    Dex: 15    Spells: 7/7 levels left

rFire   . . .      SeeInvis .   q - +2 flail (protect)
rCold   . . .      Faith    .   c - +0 buckler
rNeg    . . .      Spirit   .   (body armour currently unavailable)
rPois   +          Reflect  .   (helmet unavailable)
rElec   .          Harm     .   (cloak currently unavailable)
rCorr   .          Rampage  .   (gloves currently unavailable)
Will    .....                   (boots currently unavailable)
Stlth   +.........              (no amulet)
HPRegen 0.23/turn               (no ring)
MPRegen 0.11/turn               (no ring)

@: tree-form, heavily drained
A: stationary, stasis, torment immunity, boosted hp, permanent stasis, dig
shafts and tunnels, (antennae 3), four strong arms
a: Renounce Religion


You were on level 5 of the Dungeon.
You worshipped Okawaru.
Okawaru was noncommittal.
You were a tree.
You visited 2 branches of the dungeon, and saw 6 of its levels.

You collected 270 gold pieces.

Inventory:

Hand Weapons
 a - a +0 quarterstaff
 d - a +1 spear of venom
 p - a +4 dagger
 q - a +2 flail of protection (weapon)
Armour
 c - a +0 buckler (worn)
 s - a +0 chain mail
 z - a +0 plate armour (melded)
Magical Staves
 i - a staff of air
Jewellery
 u - a ring of fire
Scrolls
 b - 2 scrolls of vulnerability {unknown}
 f - 7 scrolls of identify {unknown}
 g - 2 scrolls of fear {unknown}
 h - a scroll of noise {unknown}
 k - a scroll of enchant weapon {unknown}
 r - 2 scrolls of enchant armour {unknown}
 t - 2 scrolls of immolation {unknown}
 v - a scroll of magic mapping {unknown}
 y - a scroll of blinking {unknown}
Potions
 e - a potion of attraction {unknown}
 j - 2 potions of curing
 l - a potion of flight
 m - a potion of heal wounds {unknown}
 n - a potion of cancellation {unknown}
 o - a potion of magic {unknown}
 w - 2 potions of lignification
 x - 3 potions of brilliance {unknown}
 A - 3 potions of degeneration {unknown}


   Skills:
 + Level 5.9 Fighting
 - Level 2.0 Staves
 + Level 6.8 Armour
 + Level 2.6 Dodging
 + Level 6.3 Shields


You had 7 spell levels left.
You didn't know any spells.
Your spell library was empty.

Dungeon Overview and Level Annotations

Branches:
Dungeon (5/15)             Temple (1/1) D:4

Altars:
Cheibriados
Dithmenos
Gozag
Hepliaklqana
Makhleb
Okawaru
Ru
Sif Muna
Uskayaw
Vehumet
Wu Jian
Xom
Yredelemnul
The Shining One

Annotations:
D:4 3 runed translucent doors


Innate Abilities, Weirdness & Mutations

You are a tree.
Your roots penetrate the ground, keeping you stationary.
You cannot be teleported.
You are immune to unholy pain and torment.
Your maximum health is greatly increased.
Your equipment is partially melded.
You cannot be hasted, slowed, berserked, paralysed or teleported.
You can dig through walls and to a lower floor.
((You have a pair of large antennae on your head. (SInv)))
Your four strong arms can wield two-handed weapons with a shield.


Message History

The wight barely misses you.
The wight hits you with a +0 great sword.
You feel drained.
You sock the wight!
You destroy the wight!
Okawaru accepts your kill. The wight barely misses you.
You hit the wight.
The wight is moderately damaged.
The dart slug launches a dart at you.
The slug dart hits you but does no damage.
You barely miss the wight.
The wight is moderately damaged.
The wight closely misses you. You block the wight's attack.
The wight hits you but does no damage.
You barely miss the wight.
The wight is moderately damaged.
The wight hits you but does no damage. The wight closely misses you.
You closely miss the wight.
The wight is moderately damaged.
You block the wight's attack. x2; The wight closely misses you.
The wight hits you with a +8 long sword!
* * * LOW HITPOINT WARNING * * *
You feel drained.
* * * LOW HITPOINT WARNING * * *
It was a potion of flight.
You feel very buoyant.
You fly up into the air.
You block the wight's attack. The wight barely misses you.
It was a potion of lignification.
You turn into a tree.
Your +0 plate armour melds into your body.
Your roots penetrate the ground.
The wight hits you but does no damage. You block the wight's attack.
You closely miss the wight.
The wight is moderately damaged.
The wight hits you with a +8 long sword!
* * * LOW HITPOINT WARNING * * *
You feel drained.
The wight hits you with a +0 great sword.
You die...

######## ##
#......#####################.
#......#...#...............#.
#......#...#z..............#.
#......#..wz♣..............'.
#......#...##....##...##...#.
#......#...#########'###...#.
#......#....#.........##...#.
#####.{{{..#'####..........'...##
...........w....#..........#....#
................############....#
...........................#....+
...........................#....#


You could see 2 wights and a dart slug.

Vanquished Creatures
  Sigmund (D:4)
  Duvessa (D:4)
  2 scorpions
  A wight (D:5)
  Dowan (D:4)
  An orc priest (D:4)
  Natasha (thrice) (D:4)
  3 orc wizards
  6 adders
  4 gnolls
  A dart slug (D:1)
  10 orcs
  7 ball pythons
  3 bats (D:2)
  6 endoplasms
  8 goblins
  6 hobgoblins
  5 quokkas
  4 frilled lizards
  6 kobolds
  7 rats
86 creatures vanquished.

Notes
Turn   | Place    | Note
-------+----------+-------------------------------------------
     0 | D:1      | keekatzer the Formicid Fighter began the quest for the Orb.
     0 | D:1      | Reached XP level 1. HP: 18/18 MP: 1/1
   116 | D:1      | Reached XP level 2. HP: 22/24 MP: 2/2
   333 | D:1      | Reached XP level 3. HP: 28/30 MP: 3/3
   369 | D:1      | Found a faded altar of an unknown god.
   669 | D:2      | Reached XP level 4. HP: 31/37 MP: 4/4
  1485 | D:3      | Found a hide-covered altar of Uskayaw.
  1485 | D:3      | Noticed a +0 spear
  1485 | D:3      | Noticed a +0 spear
  1485 | D:3      | Noticed a +0 falchion
  1486 | D:3      | Noticed a +0 dagger
  1486 | D:3      | Noticed a +0 short sword
  1487 | D:3      | Noticed a +0 falchion
  1487 | D:3      | Noticed a +0 dagger
  1673 | D:3      | Reached skill level 1 in Dodging
  1729 | D:3      | Noticed a +0 short sword
  1815 | D:4      | Found a runed translucent gate.
  1815 | D:4      | Found a runed translucent gate.
  1815 | D:4      | Found a runed translucent gate.
  1820 | D:4      | Found a staircase to the Ecumenical Temple.
  1828 | D:4      | Noticed a scorpion
  1840 | D:4      | Killed a scorpion
  1841 | D:4      | Reached skill level 5 in Shields
  1841 | D:4      | Reached XP level 5. HP: 13/43 MP: 5/5
  2077 | D:4      | Noticed Natasha
  2087 | D:4      | Killed Natasha
  2089 | D:4      | Found a hazy altar of Hepliaklqana.
  2089 | D:4      | Noticed Sigmund
  2112 | D:4      | Killed Sigmund
  2113 | D:4      | Reached skill level 5 in Fighting
  2113 | D:4      | Reached skill level 5 in Armour
  2113 | D:4      | Reached XP level 6. HP: 25/51 MP: 6/6
  2145 | D:4      | Noticed Natasha
  2156 | D:4      | Killed Natasha
  2160 | D:4      | Reached XP level 7. HP: 30/56 MP: 7/7
  2201 | D:4      | Noticed Natasha
  2222 | D:4      | Killed Natasha
  2788 | D:4      | Noticed Duvessa
  2788 | D:4      | Noticed Dowan
  2800 | D:4      | Killed Duvessa
  2802 | D:4      | Killed Dowan
  2912 | Temple   | Entered the Ecumenical Temple
  2978 | Temple   | Became a worshipper of Warmaster Okawaru
  3092 | D:5      | Entered Level 5 of the Dungeon
  3311 | D:5      | Reached XP level 8. HP: 60/64 MP: 8/8
  3507 | D:5      | HP: 3/85 [wight/+8 long sword (13)]
  3507 | D:5      | Slain by a wight

Illustrated notes

Levels and vault maps discovered:
D:1:      elethiomel_arrival_quiet, layout_rooms,
          dreamdust_ecumenical_altar_hidden_monk_grotto
D:2:      layout_loops_cross, kennysheep_generic_room_3
D:3:      layout_rooms, nicolae_uskayaw_en_pointe
D:4:      layout_loops_ring, lemuel_crystal_altar, minmay_temple_entry_tees,
          gammafunk_ghost_icy, st_stairs_1, uniq_duvessa, uniq_sigmund,
          uniq_natasha
D:5:      layout_gridville, minmay_misc_feat_secret_circle
Temple:   minmay_temple_bridge_abc

Skill      XL: |  1  2  3  4  5  6  7 |
---------------+----------------------+-----
Fighting       | 4 5 |  5.9
Armour         | 4 5 6 |  6.8
Dodging        | 1 2 |  2.6
Shields        | 5 6 |  6.3
Staves         | |  2.0

Action                   |  1- 3 |  4- 6 |  7- 9 || total
-------------------------+-------+-------+-------++-------
Melee: Quarterstaff      |    98 |    51 |       ||   149
       Flail             |       |    71 |   111 ||   182
  Use: Potion            |       |     1 |     3 ||     4
Armor: Scale mail        |    48 |    27 |       ||    75
       Chain mail        |       |    37 |    15 ||    52
       Plate armour      |       |       |    43 ||    43
       Skin              |       |       |     1 ||     1
Dodge: Dodged            |    38 |    33 |    55 ||   126
Block: Buckler           |    23 |    27 |    35 ||    85
